Map: Frost LE

Players

Fropez

  • Race: Protoss Protoss
  • League: Gold
  • Spawn Location: 7:00

CaptKidd - Winner!

  • Race: Protoss Protoss
  • League: Gold
  • Spawn Location: 1:00

VOD

Have the link to the VOD?

Description

Time

  • Played on: Nov. 14, 2016, 7:43 p.m.
  • Length: 14:50
Show
View Real Time Build Order
Export as new Build Order

Fropez Protoss 

Build Orders:  

Get SALT Encoding   

  12  0:01  Probe (Chrono Boost)  
  13  0:12  Probe (Chrono Boost)  
  14  0:19  Pylon  
  14  0:22  Probe (Chrono Boost)  
  15  0:38  Probe (Chrono Boost), Gateway  
  16  0:47  Assimilator  
  16  0:48  Probe (Chrono Boost)  
  17  0:59  Gateway  
  17  1:01  Probe (Chrono Boost)  
  18  1:12  Probe (Chrono Boost)  
  19  1:21  Assimilator  
  19  1:25  Cybernetics Core  
  19  1:30  Probe (Chrono Boost)  
  20  1:46  Probe (Chrono Boost)  
  21  1:52  Pylon  
  21  1:57  Probe (Chrono Boost)  
  22  2:05  Nexus  
  24  2:15  Mothership Core (Chrono Boost)  
  24  2:18  Adept  
  26  2:25  Adept  
  26  2:28  Warp Gate (Chrono Boost)  
  28  2:34  Probe (Chrono Boost)  
  29  2:46  Probe  
  30  3:01  Probe  
  31  3:08  Pylon  
  31  3:16  Probe  
  31  3:17  Probe  
  31  3:19  Gateway  
  29  3:40  Probe x2  
  29  3:48  Pylon  
  30  3:49  Pylon  
  27  4:53  Stalker  
  27  4:54  Stalker x2  
  33  5:07  Nexus  
  33  5:09  Assimilator  
  33  5:12  Pylon  
  33  5:14  Pylon  
  33  5:15  Probe  
  33  5:17  Pylon  
  33  5:19  Assimilator, Stalker x2  
  33  5:20  Probe  
  33  5:21  Pylon  
  38  5:28  Probe  
  40  5:33  Stalker  
  40  5:34  Probe  
  43  5:51  Probe  
  43  5:53  Probe  
  45  6:01  Assimilator  
  45  6:05  Probe  
  45  6:08  Probe  
  45  6:10  Twilight Council  
  47  6:17  Probe  
  48  6:22  Pylon, Probe  
  48  6:25  Pylon  
  49  6:34  Gateway  
  49  6:35  Probe, Gateway  
  49  6:36  Probe  
  51  6:44  Probe  
  51  6:45  Twilight Council  
  52  6:49  Templar Archives  
  52  6:50  Probe  
  53  6:56  Resonating Glaives (Chrono Boost)  
  53  6:57  Probe  
  54  7:10  Probe  
  54  7:11  Probe x2  
  54  7:12  Gateway  
  57  7:18  Stalker  
  59  7:23  Stalker  
  59  7:28  Probe x2  
  59  7:29  Probe  
  64  7:44  Probe  
  64  7:45  Probe x2  
  67  7:54  Gateway  
  67  7:55  Probe x2  
  69  8:05  Probe  
  69  8:06  Probe  
  69  8:08  Gateway  
  69  8:10  Stalker  
  69  8:11  Stalker x2  
  77  8:21  Pylon  
  77  8:22  Probe  
  77  8:25  Pylon  
  78  8:27  Pylon  
  78  8:37  Forge, Probe x2  
  78  8:38  Probe  
  81  8:50  High Templar x3, Probe  
  81  8:51  High Templar x3  
  81  8:54  Archon  
  81  8:55  Archon x2  
  94  8:56  Probe  
  94  8:57  Probe  
  94  9:02  Probe  
  97  9:06  Assimilator  
  97  9:07  Probe x2  
  97  9:08  Charge (Chrono Boost)  
  97  9:09  Protoss Ground Weapons Level 1 (Chrono Boost)  
  99  9:18  Forge  
  99  9:23  High Templar x2  
  99  9:24  High Templar x5, Pylon  
  107  9:27  Archon  
  107  9:28  Pylon, Archon x2  
  113  9:35  Pylon  
  113  9:36  Photon Cannon  
  113  9:44  Photon Cannon  
  113  9:45  Photon Cannon  
  113  9:50  Photon Cannon  
  113  9:51  Photon Cannon  
  113  9:54  Photon Cannon  
  113  9:58  Photon Cannon  
  113  9:59  Pylon  
  113  10:02  Photon Cannon  
  113  10:04  Probe  
  113  10:05  Probe  
  113  10:06  Pylon, Probe  
  114  10:10  Pylon  
  114  10:13  Pylon  
  114  10:36  High Templar x5  
  114  10:37  High Templar x3  
  114  10:40  Archon x2  
  114  10:41  Archon x2  
  114  10:42  Nexus  
  130  10:45  Protoss Shields Level 1 (Chrono Boost), Assimilator  
  130  10:46  Protoss Ground Weapons Level 2 (Chrono Boost)  
  130  10:47  Assimilator  
  130  10:51  Pylon  
  130  10:53  Pylon  
  130  10:59  Pylon  
  129  11:27  Robotics Facility  
  129  11:29  Probe x2  
  129  11:30  Probe  
  130  11:35  Pylon  
  129  11:44  Pylon, Photon Cannon  
  127  11:49  Photon Cannon  
  127  11:52  Zealot x6  
  127  11:53  Photon Cannon, Zealot x2  
  143  11:56  Photon Cannon  
  110  12:15  Zealot  
  110  12:16  Zealot x6  
  110  12:17  Zealot  
  110  12:18  Probe x3  
  110  12:21  Observer (Chrono Boost)  
  120  12:40  High Templar x3  
  120  12:41  High Templar x5  
  136  12:45  Archon x3  
  136  12:46  Archon  
  88  13:14  Gateway  
  88  13:15  Gateway x2  
  88  13:20  Zealot x2  
  88  13:21  Zealot x5  
  74  13:48  Zealot x2  
  74  13:49  Zealot x3  
  74  13:50  Zealot x2  
  87  14:09  High Templar x2  
  91  14:10  High Templar x3  
  91  14:13  Nexus  
  91  14:14  Archon x2  
  97  14:18  Assimilator  
  97  14:22  Assimilator  
  97  14:30  Nexus  
  97  14:33  Assimilator  
Show
View Real Time Build Order
Export as new Build Order

CaptKidd Protoss - Winner!

Build Orders:  

Get SALT Encoding   

  12  0:00  Probe (Chrono Boost)  
  13  0:12  Probe (Chrono Boost)  
  14  0:18  Pylon  
  14  0:22  Probe (Chrono Boost)  
  15  0:36  Probe (Chrono Boost)  
  15  0:39  Gateway  
  16  0:47  Probe (Chrono Boost)  
  16  0:48  Assimilator  
  17  0:57  Probe (Chrono Boost)  
  18  1:08  Probe (Chrono Boost)  
  18  1:09  Gateway  
  19  1:17  Assimilator  
  19  1:20  Probe (Chrono Boost)  
  20  1:27  Cybernetics Core  
  20  1:34  Pylon  
  20  1:36  Probe (Chrono Boost)  
  22  1:47  Probe (Chrono Boost)  
  22  2:04  Adept x2  
  22  2:06  Warp Gate  
  27  2:15  Probe (Chrono Boost)  
  27  2:26  Mothership Core (Chrono Boost)  
  29  2:44  Nexus, Probe (Chrono Boost)  
  29  2:47  Pylon  
  30  2:55  Probe (Chrono Boost)  
  35  3:14  Adept x2  
  35  3:41  Probe (Chrono Boost), Sentry x2  
  36  3:51  Probe (Chrono Boost)  
  37  4:04  Stargate  
  37  4:06  Twilight Council  
  37  4:07  Adept x2  
  41  4:12  Gateway  
  41  4:17  Gateway  
  37  4:48  Probe x2 (Chrono Boost)  
  38  4:55  Void Ray  
  38  4:58  Probe (Chrono Boost)  
  43  5:01  Resonating Glaives  
  43  5:04  Stalker x2  
  47  5:09  Probe x2 (Chrono Boost)  
  47  5:12  Assimilator  
  49  5:15  Assimilator  
  49  5:19  Probe (Chrono Boost)  
  49  5:20  Probe (Chrono Boost)  
  51  5:24  Stalker  
  53  5:33  Probe (Chrono Boost)  
  53  5:34  Pylon  
  54  5:37  Pylon  
  54  5:43  Pylon  
  54  5:50  Probe  
  54  5:52  Void Ray (Chrono Boost)  
  59  5:59  Robotics Facility  
  59  6:01  Probe x2  
  61  6:09  Gateway  
  61  6:11  Probe  
  61  6:13  Probe  
  63  6:22  Probe  
  65  6:25  Probe  
  65  6:32  Probe  
  65  6:35  Void Ray (Chrono Boost)  
  65  6:37  Probe  
  71  6:58  Observer  
  72  7:03  Stalker  
  72  7:06  Zealot x2  
  78  7:22  Nexus  
  78  7:25  Pylon  
  78  7:27  Pylon  
  78  7:30  Pylon  
  78  7:33  Pylon  
  78  7:35  Blink  
  78  7:37  Probe  
  78  7:42  Probe  
  78  7:43  Observer  
  78  7:44  Void Ray (Chrono Boost)  
  84  7:59  Probe  
  84  8:00  Probe  
  84  8:03  Stalker  
  84  8:04  Stalker x4  
  84  8:05  Immortal  
  100  8:12  Probe  
  101  8:21  Probe  
  101  8:23  Dark Shrine  
  101  8:24  Probe  
  103  8:31  Void Ray (Chrono Boost)  
  107  8:40  Pylon  
  107  8:42  Probe  
  107  8:43  Probe  
  107  8:44  Probe, Assimilator, Immortal  
  107  8:46  Assimilator  
  114  8:56  Stalker x2  
  114  8:57  Stalker  
  120  9:22  Adept x4  
  120  9:23  Warp Prism, Adept  
  131  10:30  Nexus  
  131  10:36  Pylon  
  131  10:38  Dark Templar  
  131  10:39  Pylon  
  133  10:42  Pylon  
  133  10:47  Pylon  
  133  10:51  Pylon  
  133  10:54  Void Ray (Chrono Boost)  
  137  11:03  Dark Templar  
  137  11:04  Dark Templar x3  
  145  11:28  Dark Templar  
  145  11:45  Probe x2  
  145  11:46  Probe  
  144  11:57  Assimilator  
  138  12:02  Assimilator  
  129  12:12  Dark Templar x2  
  129  12:13  Dark Templar x3  
  131  12:24  Void Ray (Chrono Boost)  
  135  12:43  Gateway  
  135  12:44  Gateway  
  135  12:46  Gateway  
  135  12:48  Gateway  
  135  12:50  Gateway  
  129  12:55  Gateway  
  115  13:01  Void Ray (Chrono Boost)  
  105  13:08  Dark Templar x5  
  111  13:45  Void Ray (Chrono Boost)  
  111  13:46  Immortal  
  119  13:48  Dark Templar  
  119  13:49  Dark Templar  
  123  14:16  Forge  
  123  14:18  Forge  
  127  14:27  Probe x2  
  127  14:28  Probe  
  134  14:34  Adept x2  
  134  14:35  Adept x4  
  134  14:36  Adept x3  
  138  14:45  Zealot  
  138  14:46  Zealot  
Tags
 
League
GoldGold
Matchup
PvP
Replay Pack
All Mines
Spawn Locations
Cross Positions
Add a new tag
Caveats
  • Supply blocks, unpowered buildings, or Contaminate may cause inaccurate times.
  • Supply counts are checked every 10 seconds.